Map: Galactic Process LE

Players

Special - Winner!

  • Race: Terran Terran
  • League: Grandmaster

llllllllllll

  • Race: Zerg Zerg
  • League: Grandmaster

VOD

Have the link to the VOD?

Description

Time

  • Played on: Oct. 27, 2016, 1:19 p.m.
  • Length: 16:53
Show
View Real Time Build Order
Export as new Build Order

Special Terran - Winner!

Build Orders: Reaper Expand, Mech 

Get SALT Encoding   

  12  0:00  SCV  
  13  0:13  SCV  
  14  0:17  Supply Depot  
  14  0:25  SCV  
  15  0:38  SCV  
  15  0:40  Barracks  
  16  0:44  Refinery  
  16  0:50  SCV  
  17  1:03  SCV  
  18  1:15  SCV  
  19  1:28  Reaper  
  19  1:29  Orbital Command  
  20  1:40  Command Center, Unknown  
  20  1:54  Supply Depot  
  20  1:55  SCV  
  20  2:00  Marine  
  22  2:05  Factory  
  22  2:08  SCV  
  23  2:20  SCV  
  24  2:24  Barracks Reactor  
  24  2:32  SCV  
  25  2:44  SCV  
  25  2:49  Command Center, Unknown  
  26  2:52  Unknown  
  26  2:53  Refinery  
  26  2:56  SCV  
  26  2:58  Orbital Command  
  27  3:05  Starport  
  27  3:08  Marine x2  
  27  3:10  SCV  
  30  3:15  Widow Mine  
  32  3:22  SCV  
  32  3:25  SCV  
  32  3:26  Marine x2  
  36  3:35  SCV  
  36  3:37  SCV  
  37  3:42  Medivac  
  37  3:44  Marine x2  
  37  3:47  SCV  
  37  3:48  Factory Tech Lab  
  42  3:49  SCV  
  43  4:00  SCV  
  43  4:01  SCV, Unknown  
  43  4:02  Orbital Command  
  45  4:05  Marine x2  
  45  4:08  Supply Depot, Siege Tank  
  50  4:12  SCV  
  50  4:14  SCV  
  50  4:16  Viking  
  54  4:19  Refinery  
  55  4:24  SCV  
  55  4:26  SCV, Refinery  
  55  4:29  SCV  
  57  4:31  Bunker  
  57  4:36  SCV, Marine  
  57  4:37  Marine  
  57  4:38  SCV  
  61  4:39  Supply Depot  
  61  4:42  SCV  
  62  4:48  SCV  
  62  4:49  Siege Tank  
  62  4:50  SCV  
  67  4:54  Medivac  
  69  5:00  SCV x2, Marine x2  
  69  5:02  SCV  
  69  5:06  Supply Depot x2  
  74  5:07  Orbital Command  
  74  5:13  SCV  
  76  5:14  SCV  
  76  5:18  Marine  
  77  5:27  Marine, Siege Tank  
  81  5:32  SCV  
  81  5:33  SCV x2  
  80  5:36  Marine  
  81  5:44  SCV  
  81  5:45  SCV x2  
  85  5:57  SCV x3  
  86  6:01  Siege Tank  
  86  6:03  Factory  
  90  6:05  Factory  
  90  6:09  SCV x3  
  93  6:14  Supply Depot  
  93  6:22  Refinery x2  
  93  6:23  Supply Depot  
  93  6:25  Supply Depot x2  
  93  6:26  Armory  
  93  6:29  Armory  
  93  6:36  SCV x3  
  96  6:43  Siege Tank  
  99  6:48  SCV x3  
  99  6:53  Supply Depot  
  99  6:54  Supply Depot  
  102  7:00  SCV x3  
  105  7:03  Factory Tech Lab, Hellion x2  
  109  7:09  Factory  
  109  7:11  Factory  
  109  7:12  SCV x3  
  115  7:15  Siege Tank  
  115  7:19  Terran Vehicle Weapons Level 1  
  115  7:20  Terran Vehicle And Ship Armor Level 1  
  115  7:23  Supply Depot  
  115  7:24  SCV x3, Supply Depot, Hellion  
  115  7:25  Hellion  
  115  7:29  Starport Reactor  
  122  7:37  Siege Tank  
  122  7:41  Infernal Pre-Igniter  
  125  7:46  Hellion x2  
  125  7:48  Supply Depot x2  
  125  7:49  Engineering Bay, Liberator  
  125  7:50  Supply Depot x2  
  125  7:51  Siege Tank  
  132  7:54  Factory Reactor  
  132  7:58  Factory Reactor, Liberator  
  132  8:07  Hellion x2  
  132  8:09  Siege Tank  
  145  8:23  Siege Tank  
  123  8:28  Command Center, Unknown  
  123  8:29  Hellion x2  
  123  8:33  Hellion x2  
  119  8:41  Siege Tank  
  119  8:48  Command Center, Unknown  
  121  8:50  Hellion x2  
  121  8:54  Hellion  
  121  8:55  Siege Tank, Hellion  
  135  8:59  Medivac x2  
  136  9:04  Hellion x2  
  136  9:08  Factory, Command Center, Unknown  
  140  9:11  Hellion x2  
  140  9:14  Siege Tank  
  140  9:16  Hellion x2  
  151  9:17  Supply Depot  
  151  9:19  Terran Vehicle And Ship Armor Level 2, Terran Vehicle Weapons Level 2  
  151  9:22  Liberator x2  
  151  9:25  Supply Depot x2  
  151  9:29  Hellion  
  153  9:33  Hellion x2  
  153  9:37  Hellion  
  165  9:46  Hellion  
  165  9:47  Hellion x2  
  165  9:50  Siege Tank  
  171  9:54  Hellion x2  
  175  10:05  Liberator x2  
  175  10:08  Refinery  
  175  10:09  Refinery  
  175  10:16  Missile Turret  
  175  10:20  Unknown  
  172  10:26  Siege Tank, Hellion x5  
  189  10:30  Factory Tech Lab  
  184  10:42  Missile Turret  
  179  10:47  Siege Tank  
  179  10:48  Liberator x2  
  176  10:58  Siege Tank  
  166  11:09  Hellion x2  
  166  11:10  Siege Tank, Hellion x3  
  163  11:30  Planetary Fortress  
  163  11:31  Liberator x2  
  154  11:33  SCV x3  
  155  11:44  Missile Turret  
  155  11:45  SCV  
  155  11:46  Hellion x4  
  159  11:47  Siege Tank x2  
  159  11:49  SCV x2  
  171  11:57  SCV  
  171  12:01  SCV  
  143  12:03  Siege Tank, Hellion x2  
  131  12:12  SCV x2  
  131  12:13  SCV, Liberator x2  
  131  12:14  Hellion  
  127  12:19  Siege Tank  
  127  12:20  Siege Tank  
  133  12:33  Hellion x3  
  133  12:35  Siege Tank  
  148  12:39  Hellion x2  
  144  12:48  SCV x3  
  141  12:54  Hellion  
  141  12:55  Hellion  
  141  12:56  Siege Tank x2, Liberator x2  
  151  13:02  Command Center, Unknown  
  151  13:11  Siege Tank, Hellion x3  
  162  13:28  Siege Tank  
  152  13:39  Liberator x2  
  138  13:51  Hellion  
  138  13:52  Hellion  
  138  13:54  Siege Tank x2  
  146  13:56  SCV x2  
  146  14:00  Siege Tank  
  157  14:04  Hellbat x2  
  157  14:08  SCV  
  162  14:13  Unknown  
  162  14:15  Supply Depot  
  162  14:16  Supply Depot  
  162  14:22  Liberator  
  162  14:26  Siege Tank  
  159  14:35  Hellbat x5, Siege Tank x2  
  175  14:58  Thor  
  175  14:59  Hellbat x3  
  171  15:08  Planetary Fortress  
  171  15:17  Hellbat x3  
  171  15:20  Liberator x2  
  152  15:40  Hellbat x2, Siege Tank  
  155  15:58  Hellbat x2  
  156  16:07  SCV x2  
  158  16:12  Hellbat  
  158  16:13  Hellbat  
  158  16:14  Siege Tank x2  
  168  16:19  SCV  
Show
View Real Time Build Order
Export as new Build Order

llllllllllll Zerg 

Build Orders: Hatch First 

Get SALT Encoding   

  12  0:01  Drone  
  13  0:13  Overlord  
  13  0:17  Drone  
  14  0:31  Drone x2  
  16  0:49  Unknown, Hatchery  
  15  0:53  Drone  
  15  0:55  Drone  
  17  0:59  Drone  
  18  1:08  Extractor  
  17  1:15  Spawning Pool  
  17  1:18  Drone  
  17  1:20  Drone  
  18  1:28  Drone  
  19  1:39  Overlord  
  19  1:50  Drone  
  20  2:01  Queen x2, Unknown  
  20  2:02  Zergling x2  
  20  2:03  Zergling x2  
  26  2:08  Metabolic Boost  
  26  2:12  Drone  
  26  2:13  Zergling x2  
  28  2:22  Drone  
  29  2:23  Drone  
  30  2:34  Drone x2  
  31  2:37  Queen  
  33  2:45  Overlord  
  33  2:47  Pneumatized Carapace  
  33  2:50  Drone  
  34  2:56  Drone  
  35  3:05  Drone  
  35  3:06  Zergling x2, Drone  
  38  3:15  Drone x4  
  38  3:18  Drone  
  43  3:28  Overlord  
  43  3:39  Unknown, Hatchery  
  43  3:40  Drone  
  43  3:42  Overlord  
  43  3:45  Queen  
  43  3:48  Drone x5  
  49  3:52  Overlord  
  50  4:03  Queen  
  50  4:04  Spore Crawler  
  50  4:05  Spore Crawler  
  50  4:10  Evolution Chamber  
  50  4:11  Evolution Chamber  
  50  4:12  Zergling x4  
  50  4:13  Zergling x2  
  50  4:14  Zergling x2  
  52  4:18  Zergling x4  
  52  4:19  Zergling x2  
  55  4:26  Queen  
  55  4:27  Zergling x2  
  55  4:29  Zergling x2  
  59  4:36  Overlord  
  59  4:41  Zerg Ground Armor Level 1, Zerg Melee Weapons Level 1  
  59  4:50  Unknown  
  59  4:51  Overlord  
  59  4:53  Drone x3  
  59  4:54  Drone x3  
  59  4:57  Overlord  
  64  5:09  Drone x2  
  64  5:10  Drone x3  
  69  5:15  Extractor  
  69  5:18  Extractor  
  69  5:21  Zergling x6  
  69  5:31  Lair, Drone x2  
  69  5:32  Drone x4  
  69  5:33  Queen  
  76  5:44  Zergling x2  
  76  5:45  Zergling x10  
  76  5:47  Baneling Nest  
  81  6:00  Drone  
  81  6:02  Overlord  
  82  6:05  Unknown, Hatchery  
  82  6:08  Overlord  
  81  6:13  Overlord  
  81  6:17  Drone  
  81  6:18  Overlord  
  82  6:19  Queen  
  82  6:20  Drone x4  
  82  6:21  Drone  
  82  6:23  Drone  
  82  6:24  Extractor  
  89  6:30  Drone x4  
  89  6:31  Unknown, Hatchery  
  89  6:32  Overlord  
  92  6:38  Overlord  
  89  6:41  Centrifical Hooks  
  89  6:42  Drone  
  89  6:44  Zerg Ground Armor Level 2  
  89  6:53  Zergling x14  
  93  6:57  Zerg Melee Weapons Level 2  
  93  7:02  Baneling x6  
  93  7:13  Drone x4  
  93  7:14  Drone  
  93  7:15  Zergling x12  
  99  7:16  Zergling x4  
  99  7:17  Unknown  
  106  7:24  Queen  
  106  7:26  Drone x3  
  106  7:28  Infestation Pit  
  110  7:36  Overseer  
  110  7:38  Zergling x2  
  110  7:39  Zergling x18  
  110  7:43  Unknown  
  120  7:46  Zergling x2  
  120  7:47  Zergling x8  
  117  8:00  Extractor  
  117  8:01  Zergling x2  
  117  8:02  Zergling x22  
  117  8:04  Roach Warren  
  122  8:09  Zergling x2  
  122  8:10  Zergling x4  
  122  8:12  Hive  
  125  8:13  Baneling x3  
  125  8:14  Baneling x8  
  125  8:17  Zergling x6  
  118  8:33  Drone x9  
  122  8:40  Drone x2  
  120  8:47  Hydralisk Den  
  119  8:48  Drone x4  
  119  8:49  Drone  
  119  8:51  Spine Crawler, Drone x2  
  119  8:52  Extractor, Drone x4  
  119  8:53  Spore Crawler  
  119  8:54  Extractor, Overlord  
  119  8:55  Extractor  
  124  8:57  Overlord, Zergling x4  
  126  9:05  Unknown, Hatchery  
  117  9:15  Glial Reconstitution, Spire  
  117  9:17  Muscular Augments  
  116  9:19  Hydralisk x6  
  116  9:21  Zerg Missile Weapons Level 1  
  116  9:24  Hydralisk x2  
  125  9:32  Hydralisk x2  
  129  9:42  Hydralisk x3  
  129  9:45  Drone x3  
  136  9:54  Roach x6  
  148  10:02  Spore Crawler  
  143  10:08  Roach x3  
  143  10:11  Overlord  
  143  10:13  Drone  
  149  10:18  Roach x2  
  149  10:19  Overlord  
  150  10:23  Baneling x4  
  150  10:26  Overlord  
  150  10:28  Greater Spire  
  150  10:35  Roach x2  
  151  10:36  Roach x4  
  149  10:44  Roach x12  
  166  11:00  Roach x10  
  157  11:09  Hydralisk x4  
  145  11:15  Hydralisk  
  145  11:16  Hydralisk  
  145  11:17  Hydralisk x2  
  147  11:21  Hydralisk x2  
  147  11:23  Unknown, Hatchery  
  150  11:26  Hydralisk x2  
  150  11:31  Zergling x8  
  150  11:32  Zergling x2  
  142  11:36  Ravager x4  
  146  11:44  Hydralisk x3  
  146  11:45  Zergling x2  
  151  11:48  Zergling x2  
  151  11:49  Zergling x6  
  153  11:58  Hydralisk  
  153  11:59  Zergling x2, Hydralisk x2  
  132  12:09  Hydralisk x3  
  131  12:22  Drone x2  
  133  12:23  Viper  
  136  12:33  Overseer  
  136  12:34  Unknown  
  136  12:35  Drone  
  136  12:36  Drone x12  
  141  12:39  Viper  
  144  12:47  Roach x2  
  144  12:48  Roach  
  145  12:55  Drone x2  
  145  12:57  Baneling  
  145  12:58  Baneling x2  
  141  13:03  Extractor x2  
  141  13:05  Roach  
  141  13:06  Roach x5  
  149  13:18  Roach x8  
  164  13:22  Roach  
  164  13:34  Roach x2  
  162  13:45  Roach x5  
  162  13:46  Overlord x3  
  158  14:00  Overlord x2  
  158  14:10  Hydralisk  
  158  14:11  Spore Crawler, Roach x3, Hydralisk x6  
  158  14:12  Unknown, Hatchery, Zergling x2  
  177  14:29  Hydralisk  
  177  14:30  Hydralisk x6  
  186  14:53  Viper x2  
  186  14:54  Roach  
  186  14:55  Zergling x10  
  199  15:08  Overlord  
  195  15:23  Overseer  
  195  15:24  Unknown  
  187  15:33  Hydralisk  
  187  15:34  Hydralisk x9  
  178  15:36  Hydralisk x3  
  178  15:39  Hydralisk x2  
  149  15:43  Hydralisk  
  149  15:45  Hydralisk  
  141  15:50  Hydralisk  
  143  16:00  Hydralisk x2  
  143  16:01  Zergling x2  
  130  16:14  Roach x4  
  130  16:15  Zergling x2  
  139  16:22  Roach  
Tags
 
Add a new tag
Caveats
  • Supply blocks, unpowered buildings, or Contaminate may cause inaccurate times.
  • Supply counts are checked every 10 seconds.